 Dungeon Crawl Stone Soup version 0.22-a0-281-g2e20325899 (webtiles) character file.

1152 NooBeakApe the Slasher (level 8, -7/61 (63) HPs)
             Began as a Ghoul Warper on Mar 17, 2018.
             Mangled by an orc warrior
             ... wielding a +0 long sword
              (21 damage)
             ... on level 6 of the Dungeon.
             The game lasted 00:16:48 (8474 turns).

NooBeakApe the Slasher (Ghoul Warper)               Turns: 8474, Time: 00:16:49

HP:   -7/61 (63)    AC:  9    Str: 15    XL:     8   Next: 38%
MP:   11/11         EV: 11    Int:  8    God:
Gold: 208           SH:  0    Dex: 10    Spells: 4/12 levels left

rFire    . . .     SeeInvis .   h - +2 short sword (protect)
rCold    + . .     Gourm    .   (no shield)
rNeg     + + +     Faith    .   k - +0 scale mail
rPois    ∞         Spirit   .   u - +0 helmet
rElec    .         Reflect  .   (no cloak)
rCorr    .         Harm     .   (no gloves)
MR       .....                  t - +0 pair of boots (curse)
Stlth    ..........             (no amulet)
HPRegen  0.00/turn              g - +1 ring of evasion
MPRegen  0.12/turn              (no ring)

@: rotting
A: rotting body, claws 1, carnivore, cold resistance 1, negative energy
resistance 3, inhibited regeneration, torment resistance, unbreathing
a: no special abilities


You were on level 6 of the Dungeon.
You were not hungry.

You visited 2 branches of the dungeon, and saw 8 of its levels.

You collected 252 gold pieces.
You spent 44 gold pieces at shops.

Inventory:

Hand Weapons
 a - a +0 falchion
 h - a +2 short sword of protection (weapon)
 q - a +2 quarterstaff of crushing
Missiles
 e - 4 tomahawks of dispersal (quivered)
 m - 5 tomahawks
Armour
 k - a +0 scale mail (worn)
 t - a cursed +0 pair of boots (worn)
 u - a +0 helmet (worn)
Jewellery
 g - a +1 ring of evasion (left claw)
Wands
 w - a wand of flame (22)
Scrolls
 b - a scroll of teleportation {unknown}
 c - a scroll of immolation
 d - a scroll of random uselessness {unknown}
 j - 2 scrolls of fear
 o - a scroll of enchant weapon {unknown}
 s - a scroll of remove curse
Potions
 i - a potion of resistance {unknown}
 l - a potion of might {unknown}
 n - 2 potions of curing
 p - a potion of haste {unknown}
 r - 3 potions of invisibility
 v - a potion of heal wounds {unknown}
Comestibles
 f - 10 rations


   Skills:
 - Level 3.0 Fighting
 * Level 5.5 Long Blades
 + Level 3.9 Throwing
 + Level 3.0 Armour
 - Level 3.0 Dodging
 + Level 2.9 Spellcasting
 - Level 4.0 Translocations


You had 4 spell levels left.
You knew the following spells:

 Your Spells              Type           Power        Failure   Level  Hunger
a - Blink                 Tloc           N/A          34%         2    ###....
b - Shroud of Golubria    Chrm/Tloc      #.........   63%         2    ###....
c - Passage of Golubria   Tloc           N/A          93%         4    #####..


Dungeon Overview and Level Annotations

Branches:
Dungeon (7/15)             Temple (1/1) D:4

Altars:
Cheibriados
Elyvilon
Fedhas
Gozag
Kikubaaqudgha
Makhleb
Nemelex Xobeh
Okawaru
Qazlal
Ru
Trog
Vehumet
Wu Jian
Xom
Yredelemnul

Shops:
D:6 ?

Annotations:
D:2 Sigmund, Terence


Innate Abilities, Weirdness & Mutations

Your body is rotting away.
You thrive on raw meat.
You are immune to poison.
You have sharp fingernails.
You are carnivorous and can eat meat at any time.
Your flesh is cold resistant. (rC+)
You are immune to negative energy. (rN+++)
You do not regenerate when monsters are visible.
You are immune to unholy pain and torment.
You can survive without breathing.


Message History

The orc warrior hits you with a long sword!
You closely miss the orc warrior.
The orc warrior is moderately wounded.
The orc warrior hits you with a long sword!
* * * LOW HITPOINT WARNING * * *
You closely miss the orc warrior.
The orc warrior is moderately wounded.
The orc warrior completely misses you.
You feel your flesh rotting away.
As you read the scroll labeled ZAREKK GAQON, it crumbles to dust.
The creatures around you are filled with an inner flame!
It was a scroll of immolation.
Throwing (i - inventory. (/) - cycle)
e - 5 tomahawks of dispersal (quivered)
Press: ? - help, Shift-Dir - straight line, f - orc warrior
Aim: an orc warrior, wielding a long sword and wearing a plate armour (lightly wounded, inner flame)
You throw a tomahawk of dispersal.
The tomahawk of dispersal hits the orc warrior but does no damage.
The orc warrior is lightly wounded.
The orc warrior hits you with a long sword!!
You die...

......# #.#
..###.# #.#
#.....## #.#
#......# #.#
#......# #.#
'......# #o#
#......# #.#
#......#
#o######
#......#
#..o@..#
.......#
######.#
######.##
#.# #..# #.#
##.## #.#
#..# ### #.#
#≈≈≈≈≈≈≈≈≈#
#.#
#≈≈#######≈≈
#.# #≈≈# ≈≈
#≈≈#.#


You could see an orc warrior (inner flame) and an orc (inner flame).

Vanquished Creatures
  An ice beast (D:6)
  An ogre (D:7)
  A centaur (D:5)
  An electric eel (D:6)
  A centaur zombie (D:7)
  3 crimson imps
  2 hounds
  3 orc wizards
  2 centaur skeletons (D:4)
  An orc priest (D:6)
  2 jellies
  An iguana (D:5)
  6 worker ants
  10 adders
  7 gnolls
  2 oozes
  An adder zombie (D:3)
  5 dart slugs
  2 leopard geckos
  10 orcs
  5 giant cockroaches
  4 goblins
  6 hobgoblins
  10 jackals
  5 quokkas
  A ball python (D:4)
  A ball python skeleton (D:4)
  7 bats
  4 frilled lizards
  5 kobolds
  A leopard gecko skeleton (D:3)
  7 rats
118 creatures vanquished.

Vanquished Creatures (others)
  A scorpion (D:5)
  A dart slug (D:5)
  An orc (D:5)
  A giant cockroach (D:5)
4 creatures vanquished.

Grand Total: 122 creatures vanquished

Notes
Turn   | Place    | Note
-------+----------+-------------------------------------------
     0 | D:1      | NooBeakApe the Ghoul Warper began the quest for the Orb.
     0 | D:1      | Reached XP level 1. HP: 17/17 MP: 2/2
    78 | D:1      | Reached skill level 1 in Throwing
    78 | D:1      | Reached skill level 1 in Armour
   561 | D:1      | Reached XP level 2. HP: 25/25 MP: 3/3
   679 | D:1      | You fall through a shaft!
   696 | D:1      | Reached skill level 2 in Long Blades
   819 | D:1      | Learned a level 2 spell: Blink
  1101 | D:2      | Noticed Sigmund
  1418 | D:2      | Learned a level 2 spell: Shroud of Golubria
  1828 | D:2      | Reached XP level 3. HP: 13/30 MP: 5/5
  1838 | D:2      | Noticed Terence
  2471 | D:3      | Reached XP level 4. HP: 37/37 MP: 6/6
  2939 | D:3      | Reached XP level 5. HP: 39/45 MP: 7/7
  3374 | D:4      | Reached skill level 3 in Long Blades
  3536 | D:4      | Found a staircase to the Ecumenical Temple.
  3578 | D:4      | Reached XP level 6. HP: 30/51 MP: 8/8
  3585 | Temple   | Entered the Ecumenical Temple
  3915 | D:4      | Learned a level 4 spell: Passage of Golubria
  4614 | D:5      | Entered Level 5 of the Dungeon
  4956 | D:5      | Reached skill level 4 in Long Blades
  4956 | D:5      | Reached XP level 7. HP: 39/56 MP: 9/9
  5047 | D:5      | Noticed a fire elemental
  5438 | D:5      | Found a shimmering altar of Xom.
  5686 | D:5      | Noticed an air elemental
  5688 | D:5      | Found a stormy altar of Qazlal.
  5689 | D:5      | Noticed a water elemental
  6223 | D:6      | Found Miwipne's Magic Scroll Emporium.
  6454 | D:5      | HP: 2/57 [orc warrior/flail (12)]
  7159 | D:6      | Bought a scroll of identify for 22 gold pieces
  7159 | D:6      | Bought a scroll of identify for 22 gold pieces
  7284 | D:6      | Reached skill level 5 in Long Blades
  7284 | D:6      | Reached XP level 8. HP: 49/62 MP: 10/10
  7668 | D:7      | Found a sacrificial altar of Ru.
  8474 | D:6      | Mangled by an orc warrior

Vault maps used:
D:1:      lemuel_arrival_river_ford, item_on_display_a
D:2:      uniq_sigmund, uniq_terence
D:4:      minmay_temple_entry_glass
D:5:      nicolae_qazlal_style_of_elements, first_ration, nrook_mini_vaults,
          xom_confusion_cloud
D:6:      serial_shops, kennysheep_little_box, water_maze_lemuel
D:7:      nicolae_overflow_hidden_temple, nicolae_ru_sacrificial_ziggurat
Temple:   dshaligram_water_room_temple

Skill      XL: |  1  2  3  4  5  6  7  8 |
---------------+-------------------------+-----
Throwing       | 1 2 3 |  3.9
Armour         | 1 2 3 |  3.0
Long Blades    | 2 3 4 5 |  5.5
Dodging        | 2 3 |  3.0
Spellcasting   | 2 |  2.9
Translocations | 3 4 |  4.0
Fighting       | 3 |  3.0

Action                   |  1- 3 |  4- 6 |  7- 9 || total
-------------------------+-------+-------+-------++-------
Melee: Falchion          |   117 |       |       ||   117
       Short sword       |    21 |   276 |   446 ||   743
       Quarterstaff      |       |       |    28 ||    28
Throw: Tomahawk          |       |       |     1 ||     1
 Cast: Blink             |     1 |       |     2 ||     3
  Use: Scroll            |     5 |       |     6 ||    11
  Eat: Chunk             |    14 |    20 |    21 ||    55
       Ration            |     1 |       |       ||     1
Armor: Leather armour    |    37 |     1 |       ||    38
       Scale mail        |       |   141 |   211 ||   352
Dodge: Dodged            |    84 |   173 |   256 ||   513
       Rpst.: Falchion   |    18 |       |       ||    18

Table legend:
 A = Spawn XP
 B = Non-spawn XP
 C = Spawn XP percentage of total XP
 D = Spawn monster count
 E = Non-spawn monster count
 F = Spawn count percentage of total count
 G = Total turns spent on level
                    A         B        C        D         E        F      G
               +---------+---------+-------+---------+---------+-------+---------
         Total |       0 |    1646 |   0.0 |       0 |     118 |   0.0 |  8474
               +---------+---------+-------+---------+---------+-------+---------
           D:1 |       0 |      27 |   0.0 |       0 |       9 |   0.0 |  1853
           D:2 |       0 |      25 |   0.0 |       0 |      14 |   0.0 |   470
           D:3 |       0 |     141 |   0.0 |       0 |      35 |   0.0 |  1028
           D:4 |       0 |     269 |   0.0 |       0 |      20 |   0.0 |  1461
           D:5 |       0 |     366 |   0.0 |       0 |      12 |   0.0 |  1247
           D:6 |       0 |     538 |   0.0 |       0 |      21 |   0.0 |  1758
           D:7 |       0 |     280 |   0.0 |       0 |       7 |   0.0 |   527
               +---------+---------+-------+---------+---------+-------+---------
